 Dungeon Crawl Stone Soup version 0.28.0-53-g5a82cb258f (webtiles) character file.

Game seed: 5038056824476047598

16 SanguineChosen the Chopper (level 2, 0/29 HPs)
             Began as a Gnoll Cinder Acolyte on June 5, 2022.
             Was a High Priest of Ignis.
             Slain by an adder (3 damage)
             ... on level 2 of the Dungeon.
             The game lasted 00:05:03 (846 turns).

SanguineChosen the Chopper (Gnoll Cinder Acolyte)    Turns: 846, Time: 00:05:03

Health: 0/29       AC:  2    Str: 13    XL:     2   Next: 54%
Magic:  3/5        EV: 11    Int: 13    God:    Ignis [*****.]
Gold:   39         SH:  0    Dex:  7    Spells: 4/6 levels left

rFire   + . .      SeeInvis .   a - -1 hand axe (flame)
rCold   . . .      Faith    .   (no shield)
rNeg    . . .      Spirit   .   b - +0 robe
rPois   .          Reflect  .   (no helmet)
rElec   .          Harm     .   (no cloak)
rCorr   .          Rampage  .   (no gloves)
Will    .....                   (no boots)
Stlth   +.........              (no amulet)
HPRegen 0.09/turn               (no ring)
MPRegen 0.09/turn               (no ring)

@: flying, hasted, very quick
A: fangs 1, strong nose, distributed training
a: Renounce Religion, Fiery Armour, Foxfire Swarm, Rising Flame


You were on level 2 of the Dungeon.
You worshipped Ignis.
Ignis was extremely pleased with you.
You visited 1 branch of the dungeon, and saw 2 of its levels.

You collected 39 gold pieces.

Inventory:

Hand Weapons
 a - a -1 hand axe of flaming (weapon)
Missiles
 c - 5 stones
Armour
 b - a +0 robe (worn)
Scrolls
 d - 4 scrolls of identify {unknown}
 g - a scroll of blinking {unknown}
Potions
 f - a potion of curing {unknown}
 h - a potion of flight
 i - a potion of magic {unknown}


   Skills:
 + Level 6.5 Fighting
 + Level 0.4 Short Blades
 + Level 0.4 Long Blades
 + Level 6.5 Axes
 + Level 0.4 Maces & Flails
 + Level 0.4 Polearms
 + Level 0.4 Staves
 + Level 0.4 Slings
 + Level 0.4 Bows
 + Level 0.4 Crossbows
 + Level 0.4 Throwing
 + Level 0.4 Armour
 + Level 0.4 Dodging
 + Level 0.4 Stealth
 + Level 0.4 Shields
 + Level 0.4 Unarmed Combat
 + Level 2.7 Spellcasting
 + Level 0.2 Conjurations
 + Level 0.2 Hexes
 + Level 0.2 Summonings
 + Level 0.2 Necromancy
 + Level 0.2 Translocations
 + Level 0.2 Transmutations
 + Level 5.3 Fire Magic
 + Level 0.2 Ice Magic
 + Level 0.2 Air Magic
 + Level 0.2 Earth Magic
 + Level 0.2 Poison Magic
 + Level 0.5 Invocations
 + Level 0.4 Evocations


You had 4 spell levels left.
You knew the following spells:

 Your Spells              Type           Power      Damage    Failure   Level
a - Scorch                Fire           30%        2d7       4%          2

Your spell library contained the following spells:

 Spells                   Type           Power      Damage    Failure   Level


Dungeon Overview and Level Annotations

Branches:
Dungeon (2/15)

Altars:


Innate Abilities, Weirdness & Mutations

You have very sharp teeth.
Your uncanny sense of smell can sniff out nearby items.
Your experience applies equally to all skills.


Message History

The adder is heavily wounded.
The adder's fire resistance burns away.
You feel sick.
You hear a shout!
The adder bites you.
A kobold comes into view. It is wielding a +0 dagger.
You don't have enough magic to cast this spell.
You closely miss the adder.
The adder is heavily wounded.
You feel sick. The adder closely misses you. The adder barely misses you.
You hit the adder but do no damage.
The adder is heavily wounded.
You feel sick.
You are no longer poisoned.
The adder bites you.
You are poisoned.
The adder poisons you!
The kobold throws a stone.
The stone hits you but does no damage.
You feel sick.
The kobold throws a stone.
The stone barely misses you.
You feel sick.
The adder is no longer more vulnerable to fire.
Found a faded altar of an unknown god.
You feel sick. The adder bites you.
* * * LOW HITPOINT WARNING * * *
You hit the adder. You burn the adder. You bite the adder.
The adder is almost dead.
You feel sick. The adder bites you.
* * * LOW HITPOINT WARNING * * *
It was a potion of haste.
You feel yourself speed up.
You feel sick. The adder barely misses you.
The kobold throws a stone.
The stone closely misses you.
It was a potion of flight.
You feel very buoyant.
You fly up into the air.
You feel sick.
You are no longer poisoned.
The adder bites you.
* * * LOW HITPOINT WARNING * * *
The kobold throws a stone.
The stone closely misses you.
The kobold throws a stone.
The stone barely misses you. The adder bites you.
You die...

######### #.......#
#.......#
###########.......#
.....#.........S..#
#............@.#
#......_.......#
#..........###.... ∆
#.....K....# .....
#............ .......
#..........#.........
##.......#.#.........
#..........# .......
#..........#.


You could see an adder and a kobold.

Vanquished Creatures
  A ball python (D:1)
  An endoplasm (D:1)
  3 goblins (D:1)
  3 hobgoblins
  2 bats (D:1)
  2 kobolds (D:1)
  2 rats
14 creatures vanquished.

Notes
Turn   | Place    | Note
-------+----------+-------------------------------------------
     0 | D:1      | SanguineChosen the Gnoll Cinder Acolyte began the quest for
                  | the Orb.
     0 | D:1      | Reached XP level 1. HP: 23/23 MP: 4/4
   343 | D:1      | Reached XP level 2. HP: 29/29 MP: 5/5
   347 | D:1      | Learned a level 2 spell: Scorch
   824 | D:2      | Found a faded altar of an unknown god.
   827 | D:2      | HP: 1/29 [adder (1)]
   846 | D:2      | Slain by an adder

Illustrated notes

Levels and vault maps discovered:
D:1:      doesnt_arrival_eight_statues, layout_loops_ring
D:2:      layout_rooms, basic_ecumenical_altar

Action                   || total
-------------------------++-------
Melee: Hand axe          ||    15
       Bite              ||     1
Throw: Stone             ||    24
 Cast: Scorch            ||     6
  Use: Potion            ||     2
Armor: Robe              ||     6
Dodge: Dodged            ||    24
